 Dungeon Crawl Stone Soup version 0.27-a0-951-gae3e1deef5 (webtiles) character file.

Game seed: 2092880284621945767

413 polve the Skirmisher (level 6, -1/50 HPs)
             Began as a Demonspawn Abyssal Knight on Apr 11, 2021.
             Was a Believer of Lugonu.
             Succumbed to a scorpion's poison
             ... on level 4 of the Dungeon.
             The game lasted 00:04:15 (5099 turns).

polve the Skirmisher (Demonspawn Abyssal Knight)    Turns: 5099, Time: 00:04:15

Health: -1/50      AC: 12    Str: 14    XL:     6   Next: 59%
Magic:  7/7        EV:  4    Int: 13    God:    Lugonu [**....]
Gold:   101        SH:  0    Dex: 13    Spells: 5/5 levels left

rFire    . . .     SeeInvis .   i - +3 dagger
rCold    . . .     Faith    .   (no shield)
rNeg     + . .     Spirit   .   a - +0 plate armour
rPois    .         Reflect  .   (helmet restricted)
rElec    .         Harm     .   (no cloak)
rCorr    .         Rampage  .   f - +0 pair of gloves
Will     .....                  (no boots)
Stlth    ..........             (no amulet)
HPRegen  0.16/turn              e - ring of positive energy
MPRegen  0.10/turn              (no ring)

@: lethally poisoned (-1 -> -13)
A: antennae 1, powered by death 1, demonic magic 1
a: Renounce Religion, Depart the Abyss, Bend Space


You were on level 4 of the Dungeon.
You worshipped Lugonu.
Lugonu was pleased with you.
You visited 1 branch of the dungeon, and saw 4 of its levels.
You visited the Abyss 1 time.

You collected 101 gold pieces.

Inventory:

Hand Weapons
 g - a +0 dagger of speed
 i - a +3 dagger (weapon)
Missiles
 d - 4 curare-tipped darts
Armour
 a - a +0 plate armour (worn)
 f - a +0 pair of gloves (worn)
Jewellery
 e - a ring of positive energy (left hand)
Scrolls
 c - a scroll of fear {unknown}
 h - 2 scrolls of identify {unknown}
 j - a scroll of noise {unknown}


   Skills:
 + Level 4.9 Fighting
 - Level 4.0 Short Blades
 - Level 4.0 Armour
 - Level 0.8 Dodging
 - Level 2.4 Invocations


You had 5 spell levels left.
You didn't know any spells.
Your spell library contained the following spells:

 Spells                   Type           Power      Damage    Failure   Level
 Magic Dart               Conj           0%         1d3       100%        1
 Searing Ray              Conj           0%         3d3       100%        2
 Dazzling Flash           Conj/Hex       0%         N/A       100%        3
 Fulminant Prism          Conj/Hex       0%         3d6       100%        4
 Iskenderun's Mystic Bla  Conj/Tloc      0%         2d3       100%        4


Dungeon Overview and Level Annotations

Branches:
Dungeon (4/15)
 Temple: D:4-7

Altars:
Zin

Annotations:
D:4 Pikel


Innate Abilities, Weirdness & Mutations

You have a pair of small antennae on your head.
You regenerate a little health from kills.
Spells you cast may paralyse adjacent enemies.


Message History

You hit the scorpion but do no damage.
The scorpion is lightly wounded.
You feel very sick.
The scorpion stings you but does no damage.
You hit the scorpion.
The scorpion is moderately wounded.
You feel very sick.
The scorpion stings you but does no damage.
You hit the scorpion.
The scorpion is heavily wounded.
You feel very sick.
The scorpion stings you but does no damage.
You aren't carrying any potions.
You hit the scorpion but do no damage.
The scorpion is heavily wounded.
You feel sick. The scorpion completely misses you.
You hit the scorpion.
The scorpion is severely wounded.
You feel sick. The scorpion stings you.
* * * LOW HITPOINT WARNING * * *
You are lethally poisoned!
The scorpion poisons you!
You completely miss the scorpion.
The scorpion is severely wounded.
* * * LOW HITPOINT WARNING * * *
You feel very sick.
The scorpion stings you but does no damage.
You hit the scorpion.
The scorpion is severely wounded.
* * * LOW HITPOINT WARNING * * *
You feel very sick.
The scorpion stings you but does no damage.
You hit the scorpion.
The scorpion is severely wounded.
* * * LOW HITPOINT WARNING * * *
You feel very sick. The scorpion completely misses you.
You hit the scorpion but do no damage.
The scorpion is severely wounded.
You die...

####.########.#
.# # #.# #.# #
#.# #.# ######
# #.. #.##
.....# # ###
#..# .....#. #
##.# .......
#.# .....#
##.###.....#
### #...@sJ..#
..# #..#######
#.# #..# #..#
.... ##..# #..#
....


You could see a scorpion and a jelly.

Vanquished Creatures
  An ice beast (D:3)
  A lemure (D:4)
  A scorpion (D:2)
  3 orc priests (D:4)
  A hound (D:4)
  A bullfrog skeleton (D:4)
  An orc wizard (D:4)
  An adder (D:2)
  2 worms
  10 orcs
  9 endoplasms
  A giant cockroach (D:1)
  6 goblins
  7 hobgoblins
  2 jackals (D:1)
  5 kobolds
  2 quokkas
  7 ball pythons
  2 bats
  2 frilled lizards (D:3)
  3 rats
68 creatures vanquished.

Notes
Turn   | Place    | Note
-------+----------+-------------------------------------------
     0 | Abyss:1  | polve the Demonspawn Abyssal Knight began the quest for the
                  | Orb.
     0 | Abyss:1  | Reached XP level 1. HP: 18/18 MP: 2/2
    12 | Abyss:1  | Found a corrupted altar of Lugonu.
    71 | Abyss:2  | Noticed a raiju
    73 | Abyss:2  | Noticed a raiju
    73 | Abyss:2  | Noticed a raiju
    76 | Abyss:2  | Noticed a ynoxinul
    76 | D:1      | Escaped the Abyss
   481 | D:1      | Gained mutation: You regenerate a little health from kills.
                  | [demonic ancestry]
   481 | D:1      | Reached XP level 2. HP: 22/24 MP: 3/3
   665 | D:1      | Reached * piety under Lugonu
   967 | D:2      | Noticed a scorpion
  1428 | D:2      | Gained mutation: Spells you cast may paralyse adjacent
                  | enemies. [demonic ancestry]
  1428 | D:2      | Reached XP level 3. HP: 10/29 MP: 4/4
  1906 | D:2      | Killed a scorpion
  1907 | D:2      | Reached XP level 4. HP: 33/35 MP: 5/5
  2748 | D:3      | Noticed an ice beast
  2774 | D:3      | Killed an ice beast
  2775 | D:3      | Reached XP level 5. HP: 4/41 MP: 6/6
  3860 | D:4      | Gained mutation: You have a pair of small antennae on your
                  | head. [demonic ancestry]
  3860 | D:4      | Reached XP level 6. HP: 10/48 MP: 7/7
  4021 | D:4      | Reached ** piety under Lugonu
  4057 | D:4      | HP: 2/49 [orc/+0 trident (4)]
  4663 | D:4      | Noticed Pikel
  4699 | D:4      | HP: 2/50 [Pikel/+1 whip of flaming (5)]
  5098 | D:4      | HP: 1/50 [poisoned by a scorpion]
  5099 | D:4      | Succumbed to a scorpion's poison

Illustrated notes

Levels and vault maps discovered:
D:1:      eino_arrival_water_cross, layout_rooms
D:2:      layout_basic, basic_altar, minmay_misc_feat_enclosed
D:3:      layout_basic, kennysheep_boxes
D:4:      cheibrodos_pilgrimage, layout_loops_ring, amcnicky_altar_gilded,
          uniq_pikel

Skill      XL: |  1  2  3  4  5  6 |
---------------+-------------------+-----
Short Blades   | 2 3 4 |  4.0
Armour         | 2 4 |  4.0
Fighting       | 4 |  4.9
Dodging        | |  0.8
Invocations    | |  2.4

Action                   |  1- 3 |  4- 6 || total
-------------------------+-------+-------++-------
Melee: Short sword       |   113 |    54 ||   167
       Dagger            |       |   267 ||   267
Invok: Depart the Abyss  |     1 |       ||     1
  Use: Potion            |     6 |     2 ||     8
Armor: Chain mail        |    74 |    51 ||   125
       Plate armour      |       |    95 ||    95
Dodge: Dodged            |    30 |    53 ||    83

Table legend: (Time is in decaauts)
 A = Elapsed time spent in this place.
 B = Non-inter-level travel time spent in this place.
 C = Inter-level travel time spent in this place.
 D = Time resting spent in this place.
 E = Time spent auto-exploring this place.
 F = Levels seen in this place.
 G = Mean time per level.
                   A        B        C        D        E       F      G
               +--------+--------+--------+--------+--------+-----+--------+
         Total |   5001 |   4863 |    138 |     25 |   4076 |   6 |  833.5 |
       Dungeon |   4925 |   4787 |    138 |     25 |   4036 |   4 | 1231.2 |
         Abyss |     75 |     75 |      0 |      0 |     40 |   2 |   37.5 |
               +--------+--------+--------+--------+--------+-----+--------+

Top non-repeatable levels by time:
     D:3: 1583 daAuts
     D:1: 1339 daAuts
     D:4: 1137 daAuts
     D:2: 865 daAuts
 Abyss:1: 50 daAuts
 Abyss:2: 25 daAuts
